TOP OF THE 1ST |
Mile High Broncos batting - Pitching for Las Vegas Stars : LHP Carlos Castillo
|
Pitching: LHP Carlos Castillo
|
|
Batting: RHB Alfredo Ramírez
|
0-0: Fly out, F8 (Flyball, 78D)
|
Batting: RHB Mançio Delmage
|
0-0: Ball 1-0: Ball 2-0: Called Strike 2-1: Ground out 6-3 (Groundball, 6)
|
Batting: RHB Rodney González
|
0-0: Foul Ball, location: 2F 0-1: SOLO HOME RUN (Flyball, 7D), Distance : 415 ft
|
Batting: RHB António Martínez
|
0-0: Called Strike 0-1: Called Strike 0-2: Ground out 6-3 (Groundball, 6)
|
Top of the 1st over - 1 run, 1 hit, 0 errors, 0 left on base; Mile High 1 - Las Vegas 0 |
BOTTOM OF THE 1ST |
Las Vegas Stars batting - Pitching for Mile High Broncos : RHP Hokusai Nakashima
|
Pitching: RHP Hokusai Nakashima
|
|
Batting: LHB Alberto Varela
|
0-0: Ball 1-0: Ball 2-0: Ball 3-0: Base on Balls
|
Batting: SHB Júlio Salazar
|
0-0: Fielders Choice at 2nd, 6-4 (Groundball, 6)
|
Batting: RHB Juan Valverde
|
0-0: Called Strike 0-1: Fly out, F7 (Line Drive, 7)
|
Batting: LHB Morgan Wright
|
0-0: Ball 1-0: Ball 2-0: Ball 3-0: Called Strike 3-1: Foul Ball, location: 2F 3-2: Ground out 6-3 (Groundball, 6)
|
Bottom of the 1st over - 0 runs, 0 hits, 0 errors, 1 left on base; Mile High 1 - Las Vegas 0 |
TOP OF THE 2ND |
Mile High Broncos batting - Pitching for Las Vegas Stars : LHP Carlos Castillo
|
Batting: SHB Michael Field
|
0-0: Called Strike 0-1: Called Strike 0-2: Ground out 6-3 (Groundball, 6)
|
Batting: RHB Su-kweon Yu
|
0-0: Foul Ball, location: 2F 0-1: Foul Ball, location: 2F 0-2: Ball 1-2: Strikes out swinging
|
Batting: RHB Luis Ramos
|
0-0: Foul Ball, location: 2F 0-1: Ball 1-1: Swinging Strike 1-2: Ball 2-2: Strikes out swinging
|
Top of the 2nd over - 0 runs, 0 hits, 0 errors, 0 left on base; Mile High 1 - Las Vegas 0 |
BOTTOM OF THE 2ND |
Las Vegas Stars batting - Pitching for Mile High Broncos : RHP Hokusai Nakashima
|
Batting: RHB José García
|
0-0: Ball 1-0: Ball 2-0: Ball 3-0: Called Strike 3-1: Base on Balls
|
Batting: LHB Clint Parkinson
|
0-0: Ball 1-0: Ball 2-0: Swinging Strike 2-1: Ball 3-1: Called Strike 3-2: Base on Balls José García to second
|
Batting: RHB Ricardo Guzmán
|
0-0: Ball 1-0: Ground out 5-3 (Groundball, 56S) José García to third Clint Parkinson to second
|
Batting: RHB Bobby Miller
|
0-0: Ball 1-0: Called Strike 1-1: Swinging Strike 1-2: SINGLE (Groundball, 6MD) José García scores Clint Parkinson to third
|
Batting: RHB Fernando Bórquez
|
0-0: Ball 1-0: Ball 2-0: SINGLE (Flyball, 6D) Clint Parkinson scores Bobby Miller to second
|
Batting: LHB Alberto Varela
|
0-0: Foul Ball, location: 2F 0-1: Ball 1-1: Ball 2-1: Foul Ball, location: 2F 2-2: Strikes out looking
|
Batting: SHB Júlio Salazar
|
0-0: Ball 1-0: Ball 2-0: Fielders Choice at 2nd, 6-4 (Groundball, 6)
|
Bottom of the 2nd over - 2 runs, 2 hits, 0 errors, 2 left on base; Mile High 1 - Las Vegas 2 |
TOP OF THE 3RD |
Mile High Broncos batting - Pitching for Las Vegas Stars : LHP Carlos Castillo
|
Batting: LHB Jesús González
|
0-0: Ball 1-0: Swinging Strike 1-1: Swinging Strike 1-2: Strikes out swinging
|
Batting: SHB Paco Martínez
|
0-0: Called Strike 0-1: Ball 1-1: Reaches on Catchers interference
|
Batting: RHB Alfredo Ramírez
|
0-0: Called Strike 0-1: Ball 1-1: Ball 2-1: Fly out, F7 (Flyball, 7)
|
Batting: RHB Mançio Delmage
|
0-0: Ball 1-0: Ball 2-0: Called Strike 2-1: Fly out, F7 (Flyball, 7)
|
Top of the 3rd over - 0 runs, 0 hits, 1 error, 1 left on base; Mile High 1 - Las Vegas 2 |
BOTTOM OF THE 3RD |
Las Vegas Stars batting - Pitching for Mile High Broncos : RHP Hokusai Nakashima
|
Batting: RHB Juan Valverde
|
0-0: Ball 1-0: Called Strike 1-1: Foul Ball, location: 2F 1-2: Foul Ball, location: 2F 1-2: Ground out 5-3 (Groundball, 56)
|
Batting: LHB Morgan Wright
|
0-0: Called Strike 0-1: Ball 1-1: Ball 2-1: Called Strike 2-2: Ball 3-2: Foul Ball, location: 2F 3-2: SOLO HOME RUN (Flyball, 9D), Distance : 405 ft
|
Batting: RHB José García
|
0-0: Foul Ball, location: 2F 0-1: Ball 1-1: Called Strike 1-2: Ball 2-2: Strikes out looking
|
Batting: LHB Clint Parkinson
|
0-0: Ball 1-0: Ball 2-0: Foul Ball, location: 2F 2-1: DOUBLE (Line Drive, 9LM)
|
Batting: RHB Ricardo Guzmán
|
0-0: Called Strike 0-1: SINGLE (Flyball, 8RM) Clint Parkinson to third Runner from 3rd tries for Home, SAFE, no throw
|
Batting: RHB Bobby Miller
|
0-0: Ball 1-0: Ball 2-0: Ball 3-0: Base on Balls Ricardo Guzmán to second
|
Batting: RHB Fernando Bórquez
|
0-0: Foul Ball, location: 2F 0-1: Foul Ball, location: 2F 0-2: Foul Ball, location: 2F 0-2: Foul Ball, location: 2F 0-2: Foul Ball, location: 2F 0-2: Ball 1-2: Foul Ball, location: 2F 1-2: Strikes out looking
|
Bottom of the 3rd over - 2 runs, 3 hits, 0 errors, 2 left on base; Mile High 1 - Las Vegas 4 |
TOP OF THE 4TH |
Mile High Broncos batting - Pitching for Las Vegas Stars : LHP Carlos Castillo
|
Batting: RHB Rodney González
|
0-0: Ball 1-0: Swinging Strike 1-1: Ball 2-1: Ball 3-1: SINGLE (Groundball, 4MD)
|
Batting: RHB António Martínez
|
0-0: Ball 1-0: Foul Ball, location: 2F 1-1: Ball 2-1: Ball 3-1: Foul Ball, location: 2F 3-2: DOUBLE (Line Drive, 9LS) Rodney González to third Rodney González scores
|
Batting: SHB Michael Field
|
0-0: Ball 1-0: Swinging Strike 1-1: Fly out, F6 (Popup, 6)
|
Batting: RHB Su-kweon Yu
|
0-0: Ball 1-0: Called Strike 1-1: Swinging Strike 1-2: Ball 2-2: Strikes out swinging
|
Batting: RHB Luis Ramos
|
0-0: Ground out 6-3 (Groundball, 6)
|
Top of the 4th over - 1 run, 2 hits, 0 errors, 1 left on base; Mile High 2 - Las Vegas 4 |
BOTTOM OF THE 4TH |
Las Vegas Stars batting - Pitching for Mile High Broncos : RHP Hokusai Nakashima
|
Pitching: LHP Domingo Morales
|
|
Batting: LHB Alberto Varela
|
0-0: Fly out, F8 (Flyball, 8LS)
|
Batting: SHB Júlio Salazar
|
0-0: Called Strike 0-1: Ball 1-1: Ball 2-1: Ball 3-1: Foul Ball, location: 2F 3-2: Foul Ball, location: 2F 3-2: Base on Balls
|
Batting: RHB Juan Valverde
|
0-0: Ball Júlio Salazar is caught stealing 2nd base 1-0: Called Strike 1-1: Ground out 5-3 (Groundball, 5)
|
Bottom of the 4th over - 0 runs, 0 hits, 0 errors, 0 left on base; Mile High 2 - Las Vegas 4 |
TOP OF THE 5TH |
Mile High Broncos batting - Pitching for Las Vegas Stars : LHP Carlos Castillo
|
Batting: LHB Jesús González
|
0-0: Fly out, F7 (Flyball, 78S)
|
Batting: SHB Paco Martínez
|
0-0: Called Strike 0-1: Ball 1-1: Ball 2-1: Foul Ball, location: 2F 2-2: Foul Ball, location: 2F 2-2: Ground out 6-3 (Groundball, 6)
|
Batting: RHB Alfredo Ramírez
|
0-0: Ball 1-0: Called Strike 1-1: Called Strike 1-2: Foul Ball, location: 2F 1-2: Ball 2-2: Foul Ball, location: 2F 2-2: Ball 3-2: Ground out 4-3 (Groundball, 4M)
|
Top of the 5th over - 0 runs, 0 hits, 0 errors, 0 left on base; Mile High 2 - Las Vegas 4 |
BOTTOM OF THE 5TH |
Las Vegas Stars batting - Pitching for Mile High Broncos : LHP Domingo Morales
|
Batting: LHB Morgan Wright
|
0-0: Called Strike 0-1: SINGLE (Groundball, 34D)
|
Batting: RHB José García
|
0-0: Swinging Strike 0-1: Grounds into double play, 4-6-3 (Groundball, 34)
|
Batting: LHB Clint Parkinson
|
0-0: Called Strike 0-1: Ground out 4-3 (Groundball, 34)
|
Bottom of the 5th over - 0 runs, 1 hit, 0 errors, 0 left on base; Mile High 2 - Las Vegas 4 |
TOP OF THE 6TH |
Mile High Broncos batting - Pitching for Las Vegas Stars : LHP Carlos Castillo
|
Batting: RHB Mançio Delmage
|
0-0: DOUBLE (Line Drive, 7LM)
|
Batting: RHB Rodney González
|
0-0: Ball 1-0: Ball 2-0: Ball 3-0: Called Strike 3-1: Base on Balls
|
Batting: RHB António Martínez
|
0-0: Grounds into double play, 5-4-3 (Groundball, 56) Mançio Delmage to third
|
Batting: SHB Michael Field
|
0-0: Ball 1-0: Swinging Strike 1-1: Swinging Strike 1-2: Ball 2-2: Ball 3-2: Strikes out swinging
|
Top of the 6th over - 0 runs, 1 hit, 0 errors, 1 left on base; Mile High 2 - Las Vegas 4 |
BOTTOM OF THE 6TH |
Las Vegas Stars batting - Pitching for Mile High Broncos : LHP Domingo Morales
|
Batting: RHB Ricardo Guzmán
|
0-0: Called Strike 0-1: Ball 1-1: Foul Ball, location: 2F 1-2: Foul Ball, location: 2F 1-2: Fly out, F5 (Popup, 56)
|
Batting: RHB Bobby Miller
|
0-0: Foul Ball, location: 2F 0-1: Ball 1-1: Ball 2-1: Foul Ball, location: 2F 2-2: Foul Ball, location: 2F 2-2: Foul Ball, location: 2F 2-2: Foul Ball, location: 2F 2-2: Foul Ball, location: 2F 2-2: Strikes out looking
|
Batting: RHB Fernando Bórquez
|
0-0: Ball 1-0: Ball 2-0: Ball 3-0: Base on Balls
|
Batting: LHB Alberto Varela
|
0-0: Ball 1-0: Fly out, F1 (Line Drive, 15)
|
Bottom of the 6th over - 0 runs, 0 hits, 0 errors, 1 left on base; Mile High 2 - Las Vegas 4 |
TOP OF THE 7TH |
Mile High Broncos batting - Pitching for Las Vegas Stars : LHP Carlos Castillo
|
Pitching: RHP Roberto Moreno
|
|
Batting: RHB Su-kweon Yu
|
0-0: Foul Ball, location: 2F 0-1: Ball 1-1: Ball 2-1: Swinging Strike 2-2: Ball 3-2: Fly out, F4 (Popup, 13)
|
Batting: RHB Luis Ramos
|
0-0: Ball 1-0: Ball 2-0: SINGLE (Flyball, 78M)
|
Pitching: LHP Justin Short
|
|
Batting: LHB Jesús González
|
0-0: Foul Ball, location: 2F 0-1: Foul Ball, location: 2F 0-2: SINGLE (Line Drive, 7S) Luis Ramos to second
|
Pitching: RHP Manuel González
|
|
Pinch Hitting: LHB Mark Everett
|
0-0: Called Strike 0-1: Called Strike 0-2: Ball 1-2: Fly out, F8 (Line Drive, 8LM)
|
Batting: RHB Alfredo Ramírez
|
0-0: Ball 1-0: Ball 2-0: Ball 3-0: Called Strike 3-1: Swinging Strike 3-2: Foul Ball, location: 2F 3-2: Strikes out swinging
|
Top of the 7th over - 0 runs, 2 hits, 0 errors, 2 left on base; Mile High 2 - Las Vegas 4 |
BOTTOM OF THE 7TH |
Las Vegas Stars batting - Pitching for Mile High Broncos : LHP Domingo Morales
|
Now at 3B: Enrique Bermúdez
|
|
Batting: SHB Júlio Salazar
|
0-0: Ball 1-0: SINGLE (Flyball, 7S)
|
Batting: RHB Juan Valverde
|
0-0: Ball 1-0: Ball 2-0: Foul Ball, location: 2F 2-1: Ball Throwing error on steal attempt, E2 Júlio Salazar to third 3-1: Intentional Walk
|
Pinch Hitting: RHB Alonso Holguín
|
0-0: Swinging Strike 0-1: Ball 1-1: Ball 2-1: Foul Ball, location: 2F 2-2: Ball 3-2: Foul Ball, location: 2F 3-2: Base on Balls Juan Valverde to second
|
Batting: RHB José García
|
0-0: Called Strike 0-1: Ball 1-1: Ball 2-1: Foul Ball, location: 2F 2-2: Grounds into double play, 4-2-3 (Groundball, 4S) Juan Valverde to third Alonso Holguín to second
|
Pinch Hitting: RHB Barney Lawson
|
0-0: Called Strike 0-1: Ground out 1-3 (Groundball, 13S)
|
Bottom of the 7th over - 0 runs, 1 hit, 1 error, 2 left on base; Mile High 2 - Las Vegas 4 |
TOP OF THE 8TH |
Mile High Broncos batting - Pitching for Las Vegas Stars : RHP Manuel González
|
Now at 2B: Barney Lawson
|
|
Now in LF: Alonso Holguín
|
|
Batting: RHB Mançio Delmage
|
0-0: Fly out, F5 (Popup, 56S)
|
Batting: RHB Rodney González
|
0-0: Fly out, F9 (Flyball, 9D)
|
Batting: RHB António Martínez
|
0-0: Called Strike 0-1: Called Strike 0-2: Ball 1-2: Ball 2-2: Strikes out swinging
|
Top of the 8th over - 0 runs, 0 hits, 0 errors, 0 left on base; Mile High 2 - Las Vegas 4 |
BOTTOM OF THE 8TH |
Las Vegas Stars batting - Pitching for Mile High Broncos : LHP Domingo Morales
|
Batting: RHB Ricardo Guzmán
|
0-0: Ball 1-0: Called Strike 1-1: Ball 2-1: Called Strike 2-2: Ball 3-2: Base on Balls
|
Pitching: RHP José García
|
|
Batting: RHB Bobby Miller
|
0-0: Ball 1-0: Called Strike 1-1: Sac Bunt - play at first, batter OUT! 5-3 Ricardo Guzmán to second
|
Batting: RHB Fernando Bórquez
|
0-0: Called Strike 0-1: Ball 1-1: Foul Ball, location: 2F 1-2: Ball 2-2: Foul Ball, location: 2F 2-2: Ball 3-2: Foul Ball, location: 2F 3-2: Fly out, F5 (Line Drive, 5)
|
Batting: LHB Alberto Varela
|
0-0: Ball 1-0: Swinging Strike 1-1: Foul Ball, location: 2F 1-2: Ball 2-2: Ball 3-2: Ground out 5-3 (Groundball, 56)
|
Bottom of the 8th over - 0 runs, 0 hits, 0 errors, 1 left on base; Mile High 2 - Las Vegas 4 |
TOP OF THE 9TH |
Mile High Broncos batting - Pitching for Las Vegas Stars : RHP Manuel González
|
Pitching: RHP Mark Head
|
|
Batting: SHB Michael Field
|
0-0: Ball 1-0: Called Strike 1-1: Foul Ball, location: 2F 1-2: Fly out, F7 (Flyball, 7S)
|
Batting: RHB Su-kweon Yu
|
0-0: Foul Ball, location: 2F 0-1: Ball 1-1: SOLO HOME RUN (Flyball, 7LD), Distance : 408 ft
|
Pinch Hitting: LHB Tony Báez
|
0-0: Foul Ball, location: 2F 0-1: Ball 1-1: Ball 2-1: Foul Ball, location: 2F 2-2: SINGLE (Flyball, 9)
|
Pinch Runner at 1st Nick Simmons:
|
|
Batting: LHB Jesús González
|
0-0: Called Strike 0-1: Ball 1-1: Called Strike 1-2: Foul Ball, location: 2F 1-2: Foul Ball, location: 2F 1-2: Fly out, F7 (Flyball, 78D) Runner from 1st tags up, SAFE at 2nd
|
Pitching: LHP Júlio Aguilar
|
|
Batting: RHB Enrique Bermúdez
|
0-0: Ball 1-0: Ground out 6-3 (Groundball, 6M)
|
Top of the 9th over - 1 run, 2 hits, 0 errors, 1 left on base; Mile High 3 - Las Vegas 4 |
|